AoeStats
← NuMa | Jomaro

Nomad

509199925Analyzed
3v3 RM · 8d ago on Sep 25, 2026· 44m 3s· 6 players
Game mode
Random Map
Map size
210×210
Population
200
Speed
Normal
Resources
Standard
Victory
Conquest
Starting age
Dark Age
Ending age
Imperial Age
RankedLock teamsTeams togetherTeam positionsShared explorationLock speedFull tech treeHidden civsTurbo modeCheats
Victory
Defeat
🇦🇷 Italians · Argentina
1402
+16
🇨🇱 Huns · Chile
1356
+18
🇺🇾 Persians · Uruguay
1350
+18
🇨🇴 Italians · Colombia
1457
-19
🇨🇴 Spanish · Colombia
1443
-19
🇨🇴 Persians · Colombia
1309
-14
rama xstar
5:32 Loom
13:16 Feudal Age
14:04 Double-Bit Axe
17:12 Castle Age
16:52 Fletching
17:37 Bodkin Arrow
17:48 Fishing Lines
23:55 Wheelbarrow
24:15 Padded Archer Armor
26:28 Leather Archer Armor
26:57 Gold Mining
27:37 Horse Collar
29:19 Town Watch
30:24 Ballistics
30:57 Bloodlines
36:04 Husbandry
36:31 Herbal Medicine
40:11 Imperial Age
39:16 Heavy Plow
39:32 Gillnets
40:50 Gold Shaft Mining
41:31 Bow Saw
PNAL | Lipe
4:16 Loom
14:01 Feudal Age
18:30 Castle Age
17:07 Wheelbarrow
16:55 Gold Mining
18:21 Stone Mining
18:28 Double-Bit Axe
25:48 Marauders
25:56 Horse Collar
27:17 Scale Barding Armor
29:37 Forging
29:57 Medium Warships
30:02 Husbandry
30:12 Bloodlines
31:01 Bow Saw
31:34 Chain Barding Armor
32:27 Heavy Plow
33:16 Iron Casting
34:18 Hand Cart
33:48 Town Watch
38:44 Imperial Age
36:38 Town Patrol
38:49 Elite Tarkan
39:53 Conscription
40:44 Blast Furnace
40:19 Plate Barding Armor
41:33 Squires
PNAL | El Chill de Cojones
13:25 Feudal Age
18:18 Castle Age
16:04 Loom
18:10 Forging
18:08 Double-Bit Axe
18:14 Gold Mining
19:26 Medium Warships
20:05 Bow Saw
21:23 Clinker Construction
22:28 Wheelbarrow
25:32 Iron Casting
27:35 Fletching
27:46 Padded Archer Armor
28:03 Stone Mining
29:00 Fishing Lines
33:31 Bodkin Arrow
33:28 Horse Collar
33:41 Gillnets
34:26 Leather Archer Armor
34:23 Careening
38:40 Imperial Age
38:18 Hand Cart
37:49 Town Watch
39:46 Conscription
40:16 Bracer
40:46 Ring Archer Armor
40:41 Ballistics
41:23 Chemistry
41:04 Conscription
40:32 Elite Genoese Crossbowman
NuMa | Jomaro
11:48 Loom
14:55 Feudal Age
15:25 Fishing Lines
19:53 Castle Age
19:37 Double-Bit Axe
20:51 Bow Saw
20:36 Gillnets
26:32 Wheelbarrow
25:47 Horse Collar
27:48 Scale Barding Armor
28:15 Husbandry
28:25 Bloodlines
29:28 Hand Cart
31:12 Chain Barding Armor
31:03 Forging
35:16 Iron Casting
40:47 Stone Mining
40:50 Gold Mining
TILIN2.0
8:43 Loom
14:17 Feudal Age
18:19 Castle Age
19:23 Double-Bit Axe
20:21 Bow Saw
34:42 Horse Collar
42:30 Imperial Age
43:27 Padded Archer Armor
Livaï
4:24 Loom
12:24 Feudal Age
13:56 Double-Bit Axe
16:45 Forging
17:41 Town Watch
21:13 Wheelbarrow
23:39 Castle Age
22:06 Stone Mining
22:07 Gold Mining
22:56 Fletching
24:54 Medium Warships
25:21 Iron Casting
28:59 Bodkin Arrow
31:40 Ballistics
35:31 Imperial Age
34:16 Padded Archer Armor
37:45 Bracer
39:49 Leather Archer Armor
40:36 Chemistry
40:12 Murder Holes
43:18 Ring Archer Armor
Connection lost

Rejoining the realm…

Still unreachable

The connection could not be restored.

Session expired

The server has moved on; the page needs a fresh start.